cohdb
Replays
Latest Replays
All Replays
Popular Replays
Top Player Replays
Match Explorer
How It Works
Community
CoH3 Stats
Reddit
Sign in to upload your games and track your stats! →
Sign in with Steam
Match 41271556
Unlisted
Match 41271556
Overview
Messages
Build Orders
End
Construct Section Command Post
Royal Engineer Section
Selects Canadian Shock Battlegroup
Infantry Section
Vickers Machine Gun Team
Dingo Light Scout Car
Construct Platoon Command Post
Humber Armored Car
Selects Attacking Spirit
Selects Canadian Shock Section
Canadian Shock Section
Construct Company Command Post
Crusader II Medium Tank
Canadian Shock Section
Selects Smoke Operation
Selects Burnout
matjouz
Sarmynation
[ITA]=BIA=silviobear
Heart
0
0
Comments
sign in to comment!
No comments posted yet!